 Dungeon Sprint DCSS version 0.17-a0-2127-g1cb09f6 (webtiles) character file.

49 Kidiri the Sneak (level 3, -2/18 HPs)
             Began as a Spriggan Enchanter on Oct 23, 2015.
             Slain by a water elemental (20 damage)
             ... in the Dungeon (Sprint III: "The Ten Rune Challenge").
             The game lasted 00:01:42 (172 turns).

Kidiri the Sneak (Spriggan Enchanter)                Turns: 172, Time: 00:01:42

Health: -2/18      AC:  3    Str:  4    XL:     3   Next: 53%
Magic:  1/10       EV: 20    Int: 16    God:
Gold:   37         SH:  0    Dex: 17    Spells: 3 memorised, 5 levels left

rFire  . . .     SeeInvis +     a - +1 dagger
rCold  . . .     Clarity  .     b - +1 robe
rNeg   . . .     SustAt   .     (shield restricted)
rPois  .         Gourm    .     (helmet restricted)
rElec  .         Spirit   .     (no cloak)
rCorr  .         Warding  .     (gloves unavailable)
rMut   .         NoTele   +     (boots unavailable)
MR     .....                    (no amulet)
Stlth  ++++......               (no ring)
                                (no ring)

@: very quick, not resistant to hostile enchantments, stealthy
A: unfitting armour, see invisible, herbivore 3, speed 3, slow metabolism 2
a: no special abilities


You were in the Dungeon.
You were not hungry.

You visited 1 branch You collected 37 gold pieces.

Inventory:

Hand Weapons
 a - a +1 dagger (weapon)
Armour
 b - a +1 robe (worn)
 k - a +0 robe
Scrolls
 j - a scroll of blinking
 m - a scroll of torment
 o - 3 scrolls of remove curse
 s - a scroll of holy word
Potions
 e - a potion of curing
 f - 2 potions of heal wounds
 g - a potion of haste
 h - 2 potions of magic
 i - a potion of berserk rage
 q - a potion of cure mutation
 r - a potion of flight
Books
 c - a book of Maledictions

   Spells                             Type                      Level
   a - Corona                         Hexes                        1
   b - Ensorcelled Hibernation        Hexes/Ice                    2
   c - Confuse                        Hexes                        3
   d - Tukima's Dance                 Hexes                        3
   e - Dazzling Spray                 Conjuration/Hexes            3
Comestibles
 d - 2 bread rations
 p - 2 royal jellies


   Skills:
 + Level 1.2 Fighting
 * Level 3.1 Short Blades
 + Level 1.3 Armour
 * Level 4.9 Dodging
 * Level 6.2 Stealth
 * Level 4.7 Spellcasting
 + Level 0.0 Conjurations
 + Level 4.3 Hexes
 + Level 0.4 Ice Magic


You had 5 spell levels left.
You knew the following spells:

 Your Spells              Type           Power        Failure   Level  Hunger
a - Corona                Hex            ###....      2%          1    None
b - Ensorcelled Hibernat  Hex/Ice        ##....       10%         2    ##.....
e - Dazzling Spray        Conj/Hex       ##......     21%         3    ###....


Dungeon Overview and Level Annotations

Branches:
Dungeon (1/1)

Altars:


Innate Abilities, Weirdness & Mutations

You are tiny and cannot use many weapons and most armour.
You have supernaturally acute eyesight.
You are a herbivore.
You cover ground extremely quickly.
You need consume almost no food.


Message History

The water elemental is moderately damaged.
Casting: Dazzling Spray
Confirm with . or Enter, or press ? or * to list all spells.
Aiming: Dazzling Spray
Press: ? - help, Shift-Dir - straight line, f/p - water elemental
Aim: a water elemental (moderately damaged)
The spray of energy hits the water elemental.
The water elemental is moderately damaged.
Casting: Dazzling Spray
Confirm with . or Enter, or press ? or * to list all spells.
Aiming: Dazzling Spray
Press: ? - help, Shift-Dir - straight line, f/p - water elemental
Aim: a water elemental (moderately damaged)
The spray of energy hits the water elemental.
The water elemental is heavily damaged.
You hit the water elemental.
The water elemental is severely damaged.
The water elemental hits you!!
Ouch! That really hurt!
You die...

▓▓▓▓▓▓▓▓▓ ▓▓▓ ▓<..#...####
##.# ▓...#......#####..#
▓..##....%..#..#..#
▓##.##.##...#..#..###+#+##
##.##.###@.##+#..#.......
▓#.####.##E.###.%.'.⌠.....
▓.###..##..####...#...####
▓#.....##..###.E..#.⌠.#
###..##%..##.....#...#
##%.##....#......#+###
#..###..##.#.....# #..#
#..#####....# ▓▓▓▓ ▓▓▓▓
▓▓▓▓▓▓


You could see a water elemental.

Vanquished Creatures
  Jessica (D)
  A human (D)
  A phantom (D)
  3 rats (D)
6 creatures vanquished.

Vanquished Creatures (others)
  A yaktaur (D)
1 creature vanquished.

Grand Total: 7 creatures vanquished

Notes
Turn   | Place    | Note
--------------------------------------------------------------
     0 | D        | Kidiri the Spriggan Enchanter began the quest for the Orb.
     0 | D        | Reached XP level 1. HP: 9/9 MP: 5/5
    41 | D        | Noticed Jessica
    45 | D        | Killed Jessica
    45 | D        | Reached skill level 1 in Fighting
    45 | D        | Reached skill level 1 in Armour
    45 | D        | Reached skill level 5 in Stealth
    45 | D        | Reached XP level 2. HP: 12/14 MP: 6/8
    45 | D        | Killed a yaktaur
    49 | D        | Learned a level 2 spell: Ensorcelled Hibernation
    90 | D        | Reached XP level 3. HP: 18/18 MP: 9/9
    98 | D        | Reached skill level 6 in Stealth
   128 | D        | Gained mutation: You can translocate small distances at will. [potion of mutation]
   128 | D        | Gained mutation: You are dopey. (Int -2) [potion of mutation]
   128 | D        | Gained mutation: You occasionally shout uncontrollably at your foes. [potion of mutation]
   129 | D        | Lost mutation: You are dopey. (Int -2) [potion of cure mutation]
   129 | D        | Lost mutation: You occasionally shout uncontrollably at your foes. [potion of cure mutation]
   129 | D        | Lost mutation: You can translocate small distances at will. [potion of cure mutation]
   130 | D        | Gained mutation: You have a pair of small horns on your head. [potion of mutation]
   130 | D        | Gained mutation: Your muscles are strong. (Str +2) [potion of mutation]
   130 | D        | Gained mutation: Your magical capacity is low (-10% MP). [potion of mutation]
   131 | D        | Lost mutation: You have a pair of small horns on your head. [potion of cure mutation]
   131 | D        | Lost mutation: Your magical capacity is low (-10% MP). [potion of cure mutation]
   131 | D        | Lost mutation: Your muscles are strong. (Str +2) [potion of cure mutation]
   149 | D        | Noticed a water elemental
   164 | D        | Learned a level 3 spell: Dazzling Spray
   172 | D        | Slain by a water elemental

Vault maps used:
D:        dungeon_sprint_mu

Action                   || total
-------------------------++-------
Melee: Dagger            ||    11
 Cast: Dazzling Spray    ||     3
       Ensorcelled Hiber ||     1
  Use: Potion            ||     4
       Scroll            ||     3
 Stab: Sleeping          ||     6
